2603 views
Uploaded 2021-08-16 02:21:10
Game version 1.32.10
24:07 long 1on1 ladder game on (2)Amazonia
Saved by aom
2603 views
Uploaded 2021-08-16 02:21:10
Game version 1.32.10
24:07 long 1on1 ladder game on (2)Amazonia

51 units @ 7.2k
/ 0.9k
16 buildings @ 2.4k
/ 1k


| Healing Salve | 7 | 700 |
| Lesser Clarity Potion | 5 | 350 |
| Orb of Lightning | 1 | 375 |
| Tiny Great Hall | 2 | 1200 |
| Potion of Healing | 1 | 150 |
| Scroll of Town Portal | 1 | 350 |
| Boots of Speed | 1 | 250 |
| total: | 18 | 3375g |
| Peon | 15 | 1125 | / | 0 |
| Grunt | 6 | 1200 | / | 0 |
| Troll Headhunter | 5 | 700 | / | 100 |
| Troll Berserker | 13 | 1820 | / | 260 |
| Shaman | 4 | 520 | / | 80 |
| Tauren | 4 | 1120 | / | 320 |
| Spirit Walker | 2 | 390 | / | 70 |
| Troll Witch Doctor | 2 | 290 | / | 50 |
| total: | 51 | 7165g | / | 880w |
| Watch Tower | 3 | 330 | / | 240 |
| Altar of Storms | 1 | 180 | / | 50 |
| Orc Burrow | 7 | 1120 | / | 280 |
| Barracks | 1 | 180 | / | 50 |
| Voodoo Lounge | 1 | 130 | / | 30 |
| War Mill | 1 | 205 | / | 0 |
| Spirit Lodge | 1 | 150 | / | 150 |
| Tauren Totem | 1 | 135 | / | 155 |
| Stronghold | 1 | 315 | / | 190 |
| Fortress | 1 | 325 | / | 190 |
| total: | 16 | 2430g | / | 955w |
| 0:02 | Peon |
| 0:03 | Peon |
| 0:08 | Altar of Storms |
| 0:10 | Orc Burrow |
| 0:28 | Barracks |
| 0:43 | Peon |
| 0:57 | Peon |
| 1:26 | Peon |
| 1:30 | Grunt |
| 1:35 | Orc Burrow |
| 1:52 | Voodoo Lounge |
| 2:10 | Wind Walk |
| 2:13 | War Mill |
| 2:28 | Grunt |
| 3:03 | Grunt |
| 3:36 | Troll Headhunter |
| 3:39 | Orc Burrow |
| 4:00 | Stronghold |
| 4:05 | Troll Headhunter |
| 4:36 | Critical Strike |
| 4:43 | Troll Headhunter |
| 4:47 | Steel Armor |
| 4:52 | Healing Salve |
| 4:53 | Lesser Clarity Potion |
| 5:12 | Boots of Speed |
| 5:45 | Troll Headhunter |
| 5:48 | Steel Ranged Weapons |
| 6:05 | Critical Strike |
| 6:13 | Troll Headhunter |
| 6:15 | Orc Burrow |
| 6:50 | Berserker Strength |
| 6:53 | Peon |
| 6:53 | Peon |
| 7:24 | Fortress |
| 7:54 | Orc Burrow |
| 8:06 | Troll Regeneration |
| 8:25 | Mirror Image |
| 8:51 | Reinforced Defenses |
| 9:01 | Healing Salve |
| 9:48 | Orb of Lightning |
| 9:52 | Tiny Great Hall |
| 9:57 | Berserker Upgrade |
| 10:21 | Peon |
| 10:27 | Spirit Lodge |
| 10:38 | Peon |
| 10:38 | Peon |
| 10:38 | Peon |
| 10:38 | Peon |
| 10:40 | Peon |
| 10:46 | Critical Strike |
| 10:51 | Troll Berserker |
| 10:51 | Troll Berserker |
| 10:51 | Grunt |
| 11:41 | Breath of Fire |
| 12:07 | Shaman Adept Training |
| 12:10 | Tauren Totem |
| 12:23 | Troll Berserker |
| 13:02 | Thorium Armor |
| 13:07 | Shaman Master Training |
| 13:33 | Healing Salve |
| 13:40 | Lesser Clarity Potion |
| 13:52 | Pulverize |
| 14:46 | Potion of Healing |
| 14:46 | Healing Salve |
| 14:49 | Healing Salve |
| 14:56 | Shaman |
| 14:56 | Shaman |
| 14:58 | Tauren |
| 15:04 | Spiked Barricades |
| 15:14 | Watch Tower |
| 15:18 | Watch Tower |
| 15:26 | Lesser Clarity Potion |
| 15:30 | Grunt |
| 15:34 | Tauren |
| 15:56 | Peon |
| 15:56 | Peon |
| 15:59 | Drunken Haze |
| 16:03 | Shaman |
| 16:13 | Tauren |
| 16:16 | Grunt |
| 16:18 | Pillage |
| 16:23 | Shaman |
| 16:37 | Orc Burrow |
| 16:46 | Watch Tower |
| 17:02 | Orc Burrow |
| 17:11 | Troll Berserker |
| 17:18 | Scroll of Town Portal |
| 19:05 | Tauren |
| 19:06 | Spirit Walker Adept Training |
| 19:10 | Witch Doctor Adept Training |
| 19:16 | Troll Berserker |
| 19:20 | Arcanite Armor |
| 19:26 | Healing Salve |
| 19:26 | Lesser Clarity Potion |
| 19:35 | Breath of Fire |
| 19:39 | Troll Berserker |
| 20:00 | Troll Berserker |
| 20:16 | Troll Berserker |
| 20:47 | Spirit Walker Master Training |
| 20:48 | Spirit Walker |
| 20:50 | Troll Berserker |
| 20:51 | Troll Berserker |
| 21:01 | Healing Salve |
| 21:06 | Lesser Clarity Potion |
| 21:09 | Tiny Great Hall |
| 21:13 | Witch Doctor Master Training |
| 21:13 | Troll Witch Doctor |
| 21:13 | Troll Witch Doctor |
| 21:49 | Troll Berserker |
| 21:50 | Troll Berserker |
| 22:02 | Spirit Walker |
| 22:19 | Troll Berserker |
| 23:23 | Bladestorm |
| Right click | 937 |
| Select | 485 |
| Build/train/purchase | 150 |
| Use ability | 34 |
| Chat | 16 |
| Item give/drop | 7 |
| Misc. action | 4 |
| Remove unit | 2 |
39 units @ 6.8k
/ 1.2k
19 buildings @ 3k
/ 1.4k



| Rod of Necromancy | 5 | 750 |
| Ritual Dagger | 3 | 375 |
| Orb of Corruption | 2 | 750 |
| Dust of Appearance | 1 | 75 |
| Scroll of Town Portal | 1 | 350 |
| Circlet of Nobility | 1 | 175 |
| Periapt of Vitality | 2 | 650 |
| total: | 15 | 3125g |
| Acolyte | 10 | 750 | / | 0 |
| Ghoul | 6 | 720 | / | 0 |
| Crypt Fiend | 6 | 1290 | / | 240 |
| Obsidian Statue | 5 | 1000 | / | 175 |
| Abomination | 2 | 480 | / | 140 |
| Frost Wyrm | 2 | 770 | / | 240 |
| Goblin Shredder | 2 | 750 | / | 200 |
| Goblin Sapper | 2 | 430 | / | 200 |
| Forest Troll Shadow Priest | 1 | 195 | / | 10 |
| Mud Golem | 3 | 435 | / | 30 |
| total: | 39 | 6820g | / | 1235w |
| Nerubian Tower | 3 | 300 | / | 60 |
| Spirit Tower | 1 | 145 | / | 40 |
| Altar of Darkness | 1 | 180 | / | 50 |
| Ziggurat | 6 | 900 | / | 300 |
| Crypt | 1 | 200 | / | 50 |
| Tomb of Relics | 2 | 260 | / | 60 |
| Graveyard | 2 | 430 | / | 0 |
| Necropolis | 1 | 225 | / | 0 |
| Slaughterhouse | 3 | 420 | / | 405 |
| Sacrificial Pit | 1 | 75 | / | 150 |
| Boneyard | 2 | 350 | / | 400 |
| Halls of the Dead | 1 | 320 | / | 210 |
| Black Citadel | 1 | 325 | / | 230 |
| total: | 19 | 3040g | / | 1415w |
| 0:03 | Acolyte |
| 0:04 | Altar of Darkness |
| 0:06 | Ziggurat |
| 0:15 | Acolyte |
| 0:31 | Crypt |
| 1:00 | Tomb of Relics |
| 1:32 | Ghoul |
| 1:32 | Ghoul |
| 1:37 | Graveyard |
| 1:45 | Graveyard |
| 1:53 | Ghoul |
| 2:08 | Rod of Necromancy |
| 2:16 | Sleep |
| 2:36 | Ziggurat |
| 2:38 | Ghoul |
| 2:38 | Ghoul |
| 2:41 | Cannibalize |
| 2:54 | Dust of Appearance |
| 2:56 | Nerubian Tower |
| 3:38 | Ritual Dagger |
| 3:58 | Halls of the Dead |
| 4:00 | Crypt Fiend |
| 5:01 | Goblin Shredder |
| 5:01 | Goblin Shredder |
| 5:06 | Vampiric Aura |
| 5:11 | Rod of Necromancy |
| 5:26 | Crypt Fiend |
| 5:29 | Ziggurat |
| 6:18 | Ziggurat |
| 6:21 | Crypt Fiend |
| 6:50 | Vampiric Aura |
| 7:16 | Black Citadel |
| 7:29 | Nerubian Tower |
| 8:12 | Death Coil |
| 8:12 | Death Coil |
| 8:30 | Slaughterhouse |
| 8:31 | Slaughterhouse |
| 8:37 | Slaughterhouse |
| 8:43 | Unholy Strength |
| 8:59 | Web |
| 8:59 | Burrow |
| 9:01 | Creature Attack |
| 9:49 | Acolyte |
| 9:49 | Acolyte |
| 9:52 | Ghoul Frenzy |
| 9:53 | Ghoul |
| 9:57 | Destroyer Form |
| 9:58 | Disease Cloud |
| 10:02 | Obsidian Statue |
| 10:42 | Carrion Swarm |
| 10:59 | Unholy Aura |
| 11:34 | Frost Arrows |
| 12:05 | Abomination |
| 12:18 | Orb of Corruption |
| 12:19 | Rod of Necromancy |
| 12:20 | Rod of Necromancy |
| 12:26 | Ritual Dagger |
| 12:34 | Crypt Fiend |
| 12:37 | Unholy Armor |
| 12:40 | Obsidian Statue |
| 13:19 | Improved Creature Attack |
| 13:37 | Necropolis |
| 14:56 | Acolyte |
| 14:56 | Acolyte |
| 14:57 | Acolyte |
| 14:57 | Acolyte |
| 15:03 | Ziggurat |
| 15:08 | Tomb of Relics |
| 15:10 | Ziggurat |
| 15:29 | Forked Lightning |
| 15:33 | Forest Troll Shadow Priest |
| 15:47 | Death Coil |
| 16:01 | Circlet of Nobility |
| 16:04 | Periapt of Vitality |
| 16:04 | Periapt of Vitality |
| 16:11 | Nerubian Tower |
| 16:48 | Sacrificial Pit |
| 16:49 | Boneyard |
| 16:50 | Boneyard |
| 16:54 | Acolyte |
| 17:20 | Goblin Sapper |
| 17:20 | Goblin Sapper |
| 18:58 | Obsidian Statue |
| 19:01 | Crypt Fiend |
| 19:01 | Crypt Fiend |
| 19:05 | Ritual Dagger |
| 19:05 | Rod of Necromancy |
| 19:25 | Obsidian Statue |
| 19:28 | Creature Carapace |
| 19:37 | Orb of Corruption |
| 19:47 | Abomination |
| 19:55 | Scroll of Town Portal |
| 20:13 | Spirit Tower |
| 21:15 | Acolyte |
| 21:24 | Frost Wyrm |
| 21:24 | Frost Wyrm |
| 21:41 | Obsidian Statue |
| 21:52 | Mud Golem |
| 21:52 | Mud Golem |
| 21:52 | Mud Golem |
| 22:26 | Advanced Creature Attack |
| 22:28 | Unholy Aura |
| 23:17 | Forked Lightning |
| 23:17 | Forked Lightning |
| 23:22 | Vampiric Aura |
| Select group | 1784 |
| Right click | 984 |
| Select | 702 |
| Misc. action | 155 |
| Build/train/purchase | 145 |
| Use ability | 68 |
| Assign group | 45 |
| Chat | 25 |
| Item give/drop | 5 |
| Remove unit | 2 |
| Minimap ping | 1 |
โ